Map: Frozen Temple

Players

PtitDrogo

  • Race: Protoss Protoss
  • League: Grandmaster

lIlIlIlIlIlI - Winner!

  • Race: Protoss Protoss
  • League: Grandmaster

VOD

Have the link to the VOD?

Description

Time

  • Played on: April 23, 2016, 11:59 a.m.
  • Length: 13:24
Show
View Real Time Build Order
Export as new Build Order

PtitDrogo Protoss 

Build Orders:  

Get SALT Encoding   

  12  0:01  Probe (Chrono Boost)  
  13  0:11  Probe (Chrono Boost)  
  14  0:17  Pylon  
  14  0:22  Probe (Chrono Boost)  
  16  0:35  Probe (Chrono Boost)  
  16  0:36  Gateway  
  16  0:41  Assimilator  
  16  0:46  Probe (Chrono Boost)  
  17  0:57  Probe (Chrono Boost)  
  18  0:58  Assimilator  
  18  1:02  Gateway  
  18  1:07  Probe (Chrono Boost)  
  19  1:18  Probe (Chrono Boost)  
  20  1:22  Cybernetics Core  
  20  1:28  Probe (Chrono Boost)  
  20  1:32  Pylon  
  21  1:39  Probe (Chrono Boost)  
  22  1:49  Probe (Chrono Boost)  
  23  1:58  Stalker  
  23  1:59  Stalker  
  23  2:00  Probe (Chrono Boost)  
  28  2:04  Warp Gate (Chrono Boost)  
  28  2:12  Pylon  
  28  2:16  Mothership Core  
  30  2:31  Stalker  
  30  2:33  Stalker  
  34  2:37  Probe  
  35  3:06  Nexus  
  35  3:12  Stalker  
  37  3:16  Stalker  
  39  3:28  Pylon  
  39  3:41  Robotics Facility  
  39  3:48  Probe  
  39  3:54  Stalker  
  39  3:55  Stalker  
  44  4:00  Probe  
  45  4:13  Probe  
  44  4:17  Probe  
  45  4:25  Probe  
  45  4:28  Probe  
  45  4:30  Warp Prism (Chrono Boost)  
  49  4:33  Robotics Bay  
  47  4:40  Probe  
  47  4:41  Probe  
  47  4:45  Sentry x2  
  51  4:49  Assimilator  
  51  4:51  Assimilator  
  51  4:58  Probe  
  52  5:00  Probe  
  53  5:09  Pylon  
  53  5:10  Probe  
  53  5:11  Probe  
  55  5:17  Disruptor (Chrono Boost)  
  55  5:20  Pylon  
  58  5:22  Probe  
  58  5:23  Probe  
  58  5:26  Gravitic Drive (Chrono Boost)  
  60  5:34  Probe  
  60  5:35  Probe  
  62  5:41  Twilight Council  
  62  5:47  Probe x2  
  62  5:48  Disruptor  
  67  5:59  Probe x2  
  67  6:03  Gateway  
  69  6:07  Pylon  
  69  6:11  Probe x2  
  71  6:20  Blink (Chrono Boost)  
  71  6:23  Probe  
  72  6:28  Immortal  
  76  6:44  Nexus  
  76  6:46  Pylon  
  71  6:49  Adept  
  71  6:50  Adept  
  71  6:51  Probe  
  70  7:02  Probe  
  70  7:03  Probe  
  70  7:14  Probe  
  70  7:15  Stalker x3  
  75  7:16  Probe  
  75  7:17  Pylon  
  75  7:22  Gateway, Disruptor  
  82  7:24  Gateway  
  82  7:26  Probe  
  82  7:28  Probe  
  83  7:38  Probe  
  83  7:40  Probe  
  82  7:50  Probe  
  83  7:52  Probe  
  83  7:53  Disruptor  
  84  8:01  Dark Shrine  
  84  8:03  Probe  
  84  8:04  Probe, Adept  
  84  8:05  Stalker x2  
  95  8:08  Pylon, Charge (Chrono Boost)  
  95  8:09  Assimilator  
  95  8:12  Assimilator  
  95  8:15  Probe  
  96  8:20  Pylon  
  96  8:29  Gateway, Disruptor  
  96  8:30  Gateway  
  96  8:32  Gateway  
  99  8:40  Forge  
  97  8:52  Zealot x4  
  105  9:02  Observer  
  105  9:05  Stalker  
  93  9:28  Disruptor  
  93  9:34  Zealot x3  
  93  9:35  Dark Templar x2, Zealot  
  93  9:36  Zealot x2  
  104  9:43  Probe  
  97  9:54  Dark Templar  
  97  9:55  Dark Templar x3  
  97  9:56  Zealot x2  
  97  9:59  Nexus  
  103  10:04  Probe  
  100  10:17  Probe  
  100  10:20  Stalker x4  
  109  10:23  Protoss Ground Weapons Level 1 (Chrono Boost), Templar Archives  
  109  10:25  Pylon  
  107  10:36  Disruptor  
  107  10:39  Zealot x4  
  107  10:41  Pylon  
  110  10:43  Probe  
  110  10:48  Zealot x4  
  119  10:53  Probe  
  119  10:57  Probe  
  121  10:59  Photon Cannon  
  121  11:01  High Templar x3  
  121  11:02  High Templar  
  129  11:05  Gateway  
  129  11:07  Disruptor  
  129  11:08  Gateway  
  129  11:09  Gateway x2  
  129  11:10  Archon x2  
  132  11:19  Dark Templar  
  132  11:20  Dark Templar  
  136  11:30  Probe  
  137  11:34  Zealot x6  
  137  11:38  Disruptor  
  150  12:09  Disruptor  
  150  12:12  Probe  
  154  12:18  Zealot x7  
  114  12:40  Disruptor  
  103  12:46  High Templar x3  
  103  12:47  High Templar x4  
  103  12:48  Zealot x5  
  130  12:51  Archon x2  
  130  12:52  Archon  
  125  13:12  Zealot x5  
  129  13:18  Dark Templar  
  129  13:19  Dark Templar x3  
Show
View Real Time Build Order
Export as new Build Order

lIlIlIlIlIlI Protoss - Winner!

Build Orders:  

Get SALT Encoding   

  12  0:00  Probe (Chrono Boost)  
  13  0:11  Probe (Chrono Boost)  
  14  0:18  Pylon  
  14  0:22  Probe (Chrono Boost)  
  15  0:37  Gateway, Probe (Chrono Boost)  
  16  0:47  Probe (Chrono Boost)  
  16  0:48  Assimilator  
  17  0:55  Assimilator  
  17  0:58  Probe (Chrono Boost)  
  18  1:04  Gateway  
  18  1:08  Probe (Chrono Boost)  
  19  1:19  Probe (Chrono Boost)  
  19  1:25  Cybernetics Core  
  20  1:29  Probe (Chrono Boost)  
  21  1:34  Pylon  
  21  1:40  Probe (Chrono Boost)  
  22  1:50  Probe (Chrono Boost)  
  23  2:01  Adept  
  23  2:02  Adept, Warp Gate (Chrono Boost)  
  23  2:05  Mothership Core (Chrono Boost)  
  29  2:15  Pylon  
  29  2:23  Probe  
  30  2:33  Stalker x2  
  34  2:58  Nexus  
  36  3:06  Sentry x2  
  36  3:16  Robotics Facility  
  36  3:21  Probe  
  37  3:33  Probe  
  38  3:45  Probe (Chrono Boost)  
  39  3:56  Pylon  
  39  4:10  Probe (Chrono Boost)  
  39  4:11  Probe (Chrono Boost), Stalker x2  
  45  4:18  Immortal (Chrono Boost)  
  45  4:21  Probe x2  
  51  4:33  Probe  
  51  4:34  Stalker x2  
  56  4:39  Probe  
  56  4:45  Probe  
  56  4:50  Probe, Pylon  
  61  4:53  Immortal (Chrono Boost)  
  61  4:58  Probe  
  62  5:06  Probe  
  62  5:07  Pylon  
  62  5:11  Probe  
  62  5:13  Twilight Council  
  64  5:17  Probe  
  65  5:23  Probe  
  65  5:26  Warp Prism (Chrono Boost)  
  65  5:27  Assimilator, Probe  
  68  5:35  Probe  
  70  5:36  Assimilator  
  70  5:38  Probe  
  70  5:40  Pylon  
  71  5:47  Probe  
  71  5:49  Pylon  
  72  5:50  Blink (Chrono Boost)  
  72  5:51  Probe  
  73  5:58  Observer  
  73  6:02  Probe  
  75  6:07  Probe  
  76  6:13  Nexus  
  76  6:14  Pylon  
  76  6:17  Gateway  
  76  6:18  Stalker  
  78  6:21  Stalker  
  78  6:25  Pylon  
  80  6:32  Probe x2  
  82  6:38  Gateway  
  82  6:44  Probe, Immortal  
  82  6:46  Probe  
  82  6:54  Gateway  
  82  6:57  Probe  
  82  6:59  Probe  
  84  7:01  Gateway  
  84  7:06  Sentry, Stalker  
  88  7:12  Probe  
  85  7:18  Robotics Bay  
  85  7:19  Immortal  
  85  7:24  Stalker  
  91  7:43  Probe x3  
  93  7:48  Pylon  
  94  7:53  Probe  
  94  7:54  Charge (Chrono Boost)  
  94  7:57  Stalker x4  
  103  8:01  Disruptor  
  103  8:03  Probe x2  
  105  8:09  Robotics Facility  
  105  8:11  Probe  
  109  8:13  Assimilator  
  109  8:14  Assimilator  
  109  8:15  Probe  
  110  8:24  Stalker x2  
  110  8:25  Stalker x2  
  118  8:34  Disruptor  
  121  8:44  Forge  
  121  8:46  Pylon  
  121  8:57  Disruptor  
  121  8:59  Pylon  
  124  9:05  Disruptor  
  124  9:09  Probe  
  126  9:23  Protoss Ground Weapons Level 1 (Chrono Boost), Stalker  
  126  9:24  Stalker x2  
  128  9:29  Stalker x2  
  132  9:32  Disruptor  
  132  9:36  Disruptor  
  135  9:45  Probe x2  
  140  9:48  Stalker x3  
  143  9:59  Probe x2  
  141  10:08  Observer  
  142  10:15  Probe x2  
  142  10:16  Disruptor  
  142  10:21  Photon Cannon  
  144  10:22  Photon Cannon, Pylon x2  
  144  10:24  Nexus  
  144  10:28  Photon Cannon  
  147  10:32  Photon Cannon  
  147  10:33  Photon Cannon  
  147  10:34  Photon Cannon  
  147  10:35  Disruptor  
  147  10:38  Stalker  
  147  10:42  Pylon  
  152  10:46  Pylon  
  152  10:48  Gateway, Pylon  
  152  10:49  Gateway  
  152  10:50  Templar Archives  
  152  10:56  Stalker x4  
  160  11:11  Warp Prism  
  159  11:16  Protoss Ground Weapons Level 2 (Chrono Boost)  
  161  11:21  Dark Shrine  
  161  11:22  Zealot x6  
  173  11:36  Photon Cannon  
  173  11:39  Photon Cannon  
  173  11:41  Assimilator  
  173  11:42  Assimilator  
  173  11:43  Observer  
  174  11:53  High Templar x3  
  174  11:54  High Templar, Zealot x3  
  180  11:55  Zealot  
  180  11:58  Archon  
  180  11:59  Archon  
  188  12:16  Zealot x4  
  189  12:44  Nexus  
  189  12:56  Photon Cannon  
  189  13:00  Pylon  
  189  13:01  Pylon  
  165  13:20  Stalker x3  
  165  13:21  Stalker x4  
Tags
 
Add a new tag
Caveats
  • Supply blocks, unpowered buildings, or Contaminate may cause inaccurate times.
  • Supply counts are checked every 10 seconds.